 Seeded DCSS version 0.29-a0-1043-g569b05d6ff (webtiles) character file.

Game seed: 20220815 (custom seed)

4 flotson the Sneak (level 1, 0/18 HPs)
             Began as a Demonspawn Delver on Aug 15, 2022.
             Slain by a worm (7 damage)
             ... on level 3 of the Dungeon.
             The game lasted 00:00:50 (306 turns).

flotson the Sneak (Demonspawn Delver)                Turns: 306, Time: 00:00:51

Health: 0/18       AC:  6    Str:  7    XL:     1   Next: 50%
Magic:  1/1        EV: 10    Int: 18    God:
Gold:   8          SH:  0    Dex: 14    Spells: 0/0 levels left

rFire   . . .      SeeInvis .   a - +0 hand axe
rCold   . . .      Faith    .   (no shield)
rNeg    . . .      Spirit   .   j - +1 ring mail "Taihauke" {Rampage Str-5 Int+7}
rPois   .          Reflect  .   (no helmet)
rElec   .          Harm     .   (no cloak)
rCorr   .          Rampage  +   (no gloves)
Will    .....                   (no boots)
Stlth   ++........              (no amulet)
HPRegen 0.06/turn               (no ring)
MPRegen 0.07/turn               (no ring)

@: no status effects
A: no striking features
a: no special abilities


You were on level 3 of the Dungeon.
You visited 1 branch of the dungeon, and saw 3 of its levels.

You collected 8 gold pieces.

Inventory:

Hand Weapons
 a - a +0 hand axe (weapon)
Armour
 j - the +1 ring mail "Taihauke" (worn) {Rampage Str-5 Int+7}
   (You found it on level 3 of the Dungeon)

   Str:       It affects your strength (-5).
   Int:       It affects your intelligence (+7).
   Rampage:   It bestows one free step when moving towards enemies.
Wands
 g - a wand of digging (3)
Scrolls
 c - a scroll of fog
 d - a scroll of magic mapping
 e - a scroll of fear
 h - 2 scrolls of immolation {unknown}
Potions
 f - a potion of haste
 i - a potion of brilliance {unknown}


   Skills:
 + Level 3.0 Fighting
 + Level 1.8 Axes
 + Level 0.2 Armour
 + Level 1.8 Dodging
 - Level 4.5 Stealth
 + Level 0.2 Evocations


You couldn't memorise any spells.
You didn't know any spells.
Your spell library was empty.

Dungeon Overview and Level Annotations

Branches:
Dungeon (5/15)
 Temple: D:4-7

Altars:

Annotations:
D:4 Edmund


Message History

You continue putting on the +1 ring mail "Taihauke" {Rampage Str-5 Int+7}. x5
You finish putting on the +1 ring mail "Taihauke" {Rampage Str-5 Int+7}.
You feel weaker.
You feel clever.
You feel ready to rampage towards enemies.
You drop a +0 leather armour.
You open the door.
There is an open door here.
You open the door.
A worm comes into view.
Found a leather armour.
There is an open door here.
You rampage towards the worm!
You hit the worm.
The worm is moderately wounded.
The worm bites you.
You hit the worm.
The worm is moderately wounded.
You hit the worm.
The worm is heavily wounded.
The worm bites you!
You are too injured to fight recklessly!
You are too injured to fight recklessly!
You are too injured to fight recklessly!
You are too injured to fight recklessly!
You are too injured to fight recklessly!
You are too injured to fight recklessly!
You are too injured to fight recklessly!
You are too injured to fight recklessly!
You hit the worm.
The worm is heavily wounded.
The worm barely misses you.
You hit the worm but do no damage.
The worm is heavily wounded.
The worm completely misses you.
You completely miss the worm.
The worm is heavily wounded.
You hit the worm.
The worm is severely wounded.
The worm bites you!
You die...

###'####### #. #.#
. #.# #. #.# . #.#
#. #.# #####.# #.#
#......###'######
#.....w@..........
#.................
#.................
#######...........
#.........[.
##+#........
#.####### .#


You could see a worm.

Vanquished Creatures
  An endoplasm (D:3)
  A kobold (D:3)
  A quokka (D:5)
3 creatures vanquished.

Notes
Turn   | Place    | Note
-------+----------+-------------------------------------------
     0 | D:5      | flotson the Demonspawn Delver began the quest for the Orb.
     0 | D:5      | Reached XP level 1. HP: 18/18 MP: 1/1
    26 | D:5      | Noticed a hound
    31 | D:4      | Noticed Edmund
   270 | D:3      | Identified the +1 ring mail "Taihauke" {Rampage Str-5
                  | Int+7}
   306 | D:3      | Slain by a worm

Illustrated notes

Levels and vault maps discovered:
D:3:      layout_basic, lemuel_tele_altar,
          chequers_temple_overflow_statue_of_worship
D:4:      layout_loops_corners, fedhas_altar_4,
          minmay_temple_entry_proselytizer, grunt_ministairs_13, uniq_robin,
          uniq_edmund
D:5:      layout_cave_pools, minmay_misc_feat_columns, uniq_prince_ribbit1

Action                   || total
-------------------------++-------
Melee: Hand axe          ||    18
Dodge: Dodged            ||    11

Table legend: (Time is in decaauts)
 A = Elapsed time spent in this place.
 B = Non-inter-level travel time spent in this place.
 C = Inter-level travel time spent in this place.
 D = Time resting spent in this place.
 E = Time spent auto-exploring this place.
 F = Levels seen in this place.
 G = Mean time per level.
                   A        B        C        D        E       F      G
               +--------+--------+--------+--------+--------+-----+--------+
         Total |    309 |    309 |      0 |     79 |    142 |   3 |  103.0 |
       Dungeon |    309 |    309 |      0 |     79 |    142 |   3 |  103.0 |
               +--------+--------+--------+--------+--------+-----+--------+

Top non-repeatable levels by time:
     D:3: 270 daAuts
     D:5: 32 daAuts
     D:4: 6 daAuts
